 Dungeon Crawl Stone Soup version 0.16.1-11-g651b585 (webtiles) character file.

2107 hulla the Changer (level 9, 0/55 HPs)
             Began as an Octopode Transmuter on Mar 30, 2015.
             Was a Believer of Makhleb.
             Slain by an orc wizard
             ... wielding a +0 dagger
              (3 damage)
             ... on level 6 of the Dungeon.
             The game lasted 01:11:31 (10147 turns).

hulla the Changer (Octopode Transmuter)            Turns: 10147, Time: 01:11:31

Health: 0/55       AC:  1    Str: 10    XL:     9   Next: 28%
Magic:  14/14      EV: 14    Int: 18    God:    Makhleb [**....]
Gold:   221        SH:  0    Dex: 12    Spells: 4 memorised, 2 levels left

rFire  . . .     SeeInvis .     a - +0 hunting sling
rCold  . . .     Clarity  .     (no shield)
rNeg   + . .     SustAb   .     (helmet restricted)
rPois  .         Gourm    .     q - amulet of resist corrosion
rElec  .         Spirit   .     u - ring of positive energy
rCorr  +         Warding  .     (no ring)
rMut   .         Stasis   .     (no ring)
MR     .....                    (no ring)
Stlth  ++........               (no ring)
                                (no ring)
                                (no ring)
                                (no ring)

@: confused, very slightly contaminated, hasted, very quick, not resistant to
hostile enchantments, unstealthy
A: almost no armour, amphibious, 8 rings, constrict 8, camouflage 1, gelatinous
body 1
a: Minor Destruction, Renounce Religion


You were on level 6 of the Dungeon.
You worshipped Makhleb.
Makhleb was pleased with you.
You were very hungry.

You visited 2 branches of the dungeon, and saw 7 of its levels.

You collected 221 gold pieces.

Inventory:

Hand weapons
 a - a +0 hunting sling (weapon)
Missiles
 b - 70 arrows
 g - 12 sling bullets (quivered)
 h - 152 stones
 s - 46 poisoned needles
Jewellery
 q - an amulet of resist corrosion (around mantle)
 u - a ring of positive energy (left tentacle)
Magical devices
 p - a wand of flame (24)
Scrolls
 e - 2 scrolls of amnesia
 i - a scroll of recharging {unknown}
 k - 3 scrolls of remove curse
 l - a scroll of enchant weapon {unknown}
 m - a scroll of immolation {unknown}
 n - a scroll of noise {unknown}
 o - 8 scrolls of identify {unknown}
 w - a scroll of acquirement {unknown}
 x - a scroll of enchant armour {unknown}
Potions
 z - a potion of mutation {unknown}
Books
 d - a book of Changes

   Spells                             Type                      Level
   a - Beastly Appendage              Transmutation                1
   b - Sticks to Snakes               Transmutation                2
   c - Spider Form                    Transmutation/Poison         3
   d - Ice Form                       Ice/Transmutation            4
   e - Blade Hands                    Transmutation                5
Comestibles
 j - 7 bread rations
 r - 5 fruits
 t - a meat ration


   Skills:
 + Level 2.6 Fighting
 + Level 5.9 Dodging
 - Level 3.0 Unarmed Combat
 - Level 2.0 Spellcasting
 + Level 6.6 Transmutations
 + Level 5.1 Ice Magic
 - Level 6.4 Poison Magic
 + Level 2.1 Invocations


You had 2 spell levels left.
You knew the following spells:

 Your Spells              Type           Power        Failure   Level  Hunger
a - Beastly Appendage     Trmt           ####..       1%          1    #......
b - Spider Form           Trmt/Pois      ####......   3%          3    ###....
c - Sticks to Snakes      Trmt           ####......   1%          2    ###....
d - Ice Form              Ice/Trmt       ###.....     21%         4    #####..


Dungeon Overview and Level Annotations

Branches:
Dungeon (6/15)             Temple (1/1) D:4

Altars:
Ashenzari
Cheibriados
Dithmenos
Elyvilon
Gozag
Kikubaaqudgha
Makhleb
Nemelex Xobeh
Okawaru
Sif Muna
Trog
Vehumet
Xom
Zin
The Shining One

Shops:
D:4 :

Annotations:
D:5 hulla's ghost, experienced OpTm


Innate Abilities, Weirdness & Mutations

You cannot wear most types of armour.
You are amphibious.
You can wear up to eight rings at the same time.
You can use your tentacles to constrict many enemies at once.
Your skin changes colour to match your surroundings (Stealth).
Your rubbery body absorbs attacks (AC +1).


Message History

You hear some strange, mumbled words.
You are confused.
You bump into the rock wall.
You bump into the rock wall.
You hear some strange, mumbled words.
Something tries to affect you, but you resist.
You bump into the rock wall.
You're too confused to move!
You bump into the rock wall.
Your transformation has ended.
Your +0 hunting sling unmelds from your body.
Something hits you.
* * * LOW HITPOINT WARNING * * *
The orc priest calls down the wrath of Beogh upon you.
You're too confused to move!
You clumsily bash something but do no damage.
Something hits you but does no damage. The orc priest hits you with a club.
* * * LOW HITPOINT WARNING * * *
Something hits you.
You die...

##......####................#...
# #.####.#.....####...##.........
###.# #.....####..###.####....
....# ##.........####..# #....
....# #..#......# #...###..##
#...# ##.###.###.###.#..##.###
....######o.# #o####....#...#.#
.....oo)o...###o.###.#...#....# #
....######...###@##...#......####
#....# #.....#...##..#.....###.
.....#####.#.<....####...........
.#....##....#.....## ##......###.
.##.....###....##..## ##.###..##.
.##..#..####..####..###..# #..##.
....##...###.## ##..#.[## ##.##.
...###........### ##..### #..#.
..## ##.#..#....####.#..# ##.#.


You could see an orc priest and an orc.

Vanquished Creatures
  6 ogres
  2 orc warriors
  2 giant frogs (D:6)
  3 scorpions
  A water moccasin skeleton (D:6)
  A goliath beetle (D:5)
  2 crimson imps (D:5)
  A giant frog skeleton (D:5)
  2 giant frog zombies
  7 orc priests
  A hound (D:6)
  8 orc wizards
  2 iguanas
  Natasha (thrice) (D:3)
  4 worker ants
  A worker ant zombie (D:6)
  11 adders
  A shadow imp (D:5)
  A giant mite (D:6)
  3 worms
  An adder skeleton (D:4)
  A giant gecko (D:3)
  30 orcs
  2 ball pythons
  11 bats
  10 giant cockroaches
  12 hobgoblins
  19 jackals
  18 kobolds
  2 quokkas
  3 giant newts
  8 goblins
  14 rats
  A rat zombie (D:5)
194 creatures vanquished.

Vanquished Creatures (collateral kills)
  An orc (D:4)
1 creature vanquished.

Grand Total: 195 creatures vanquished

Notes
Turn   | Place    | Note
--------------------------------------------------------------
     0 | D:1      | hulla, the Octopode Transmuter, began the quest for the Orb.
     0 | D:1      | Reached XP level 1. HP: 13/13 MP: 3/3
   124 | D:1      | You fall through a shaft!
   164 | D:1      | Reached XP level 2. HP: 18/18 MP: 2/4
   641 | D:1      | Reached XP level 3. HP: 21/23 MP: 6/6
   646 | D:1      | Learned a level 3 spell: Spider Form
   910 | D:2      | Reached skill level 1 in Poison Magic
  1106 | D:2      | Learned a level 2 spell: Sticks to Snakes
  1379 | D:2      | Reached XP level 4. HP: 18/28 MP: 5/7
  2361 | D:3      | Reached skill level 4 in Poison Magic
  2361 | D:3      | Reached XP level 5. HP: 23/33 MP: 5/9
  2419 | D:3      | Reached skill level 5 in Poison Magic
  2830 | D:3      | Reached XP level 6. HP: 25/38 MP: 2/10
  2928 | D:3      | Reached skill level 6 in Poison Magic
  3453 | D:3      | Noticed Natasha
  3460 | D:3      | Killed Natasha
  3472 | D:3      | Noticed Natasha
  3477 | D:3      | Killed Natasha
  3569 | D:4      | Reached XP level 7. HP: 23/43 MP: 9/12
  3581 | D:4      | Learned a level 4 spell: Ice Form
  3630 | D:4      | Found a staircase to the Ecumenical Temple.
  3644 | Temple   | Entered the Ecumenical Temple
  3695 | Temple   | Became a worshipper of Makhleb the Destroyer
  3833 | D:4      | Reached skill level 1 in Ice Magic
  4007 | D:4      | Reached skill level 5 in Transmutations
  4214 | D:4      | Found a glowing silver altar of Zin.
  4237 | D:4      | Reached XP level 8. HP: 48/48 MP: 1/13
  4555 | D:3      | Noticed Natasha
  4558 | D:3      | Killed Natasha
  4866 | D:4      | Found Lewkaogy's Book Boutique.
  5057 | D:4      | Acquired Makhleb's first power
  5222 | D:5      | Entered Level 5 of the Dungeon
  5249 | D:5      | Noticed hulla's ghost (experienced OpTm)
  6114 | D:5      | Reached skill level 5 in Dodging
  6336 | D:5      | Found a deep blue altar of Sif Muna.
  6337 | D:5      | Found a radiant altar of Vehumet.
  8113 | D:5      | Acquired Makhleb's second power
  8854 | D:6      | Reached XP level 9. HP: 54/54 MP: 10/14
  9083 | D:6      | Found a shattered altar of Ashenzari.
  9127 | D:6      | Reached skill level 1 in Invocations
  9238 | D:6      | Reached skill level 5 in Ice Magic
  9917 | D:6      | Saw a vision of the Shoals and the Snake Pit.
  9917 | D:6      | Noticed an anaconda
  9917 | D:6      | Noticed a shock serpent
  9917 | D:6      | Noticed a mana viper
  9917 | D:6      | Noticed a black mamba
  9917 | D:6      | Noticed a sea snake
  9917 | D:6      | Noticed a merfolk
  9917 | D:6      | Noticed a sea snake
  9919 | D:6      | Noticed a merfolk
 10147 | D:6      | Slain by an orc wizard

Action                   |  1- 3 |  4- 6 |  7- 9 || total
-------------------------+-------+-------+-------++-------
Melee: Unarmed           |    44 |   183 |   351 ||   578
       Hunting sling     |       |       |     1 ||     1
 Fire: Hunting sling     |    41 |    13 |    38 ||    92
Throw: Stone             |     6 |    11 |    12 ||    29
 Cast: Beastly Appendage |    12 |     6 |    14 ||    32
       Spider Form       |       |    17 |    36 ||    53
       Sticks to Snakes  |       |       |     9 ||     9
       Ice Form          |       |       |     1 ||     1
 Abil: End Transformatio |       |     1 |     5 ||     6
  Use: Potion            |       |     4 |     1 ||     5
       Scroll            |       |       |     6 ||     6
 Stab: Sleeping          |     4 |       |     3 ||     7
       Distracted        |       |       |     1 ||     1
  Eat: Chunk             |     2 |     9 |    23 ||    34
       Fruit             |       |       |     1 ||     1
       Beef jerky        |       |       |     1 ||     1
